[Event "*** Titled Tuesday 3|2 Blitz"]
[Site "Chess.com"]
[Date "2016.05.03"]
[Round "1"]
[White "jcibarra"]
[Black "Penguininja"]
[Result "1-0"]
[WhiteElo "2560"]
[BlackElo "2206"]
[TimeControl "180+2"]
[EndTime "17:01:02 PDT"]
[Termination "jcibarra won by resignation"]

1. e4 e5 2. Nf3 Nc6 3. Bb5 f5 4.
Nc3 fxe4 5. Nxe4 Nf6 6. Bxc6 dxc6 7. Qe2 Bg4 8. h3 Bxf3 9. Qxf3 Nxe4 10. Qxe4 Qd5 11.
d3 O-O-O 12. Be3 Bb4+ 13. Qxb4 1-0

[Event "*** Titled Tuesday 3|2 Blitz"]
[Site "Chess.com"]
[Date "2016.05.03"]
[Round "1"]
[White "Beca95"]
[Black "Tirantes"]
[Result "1-0"]
[WhiteElo "2548"]
[BlackElo "2194"]
[TimeControl "180+2"]
[EndTime "17:03:23 PDT"]
[Termination "Beca95 won by resignation"]

1. d4 Nf6 2. Bg5 g6 3. Bxf6 exf6 4. e3 d5 5. c4 dxc4 6. Bxc4 Bd6 7. Nc3 O-O 8. Nf3 c5 9. O-O cxd4 10. Qxd4 Nc6 11.
Qh4 Ne5 12. Nxe5 Bxe5 13. Rad1 Qb6 14. Nd5 Qxb2 15. f4 Bc3 16. Rb1 Qa3 17. Rb3 1-0

[Event "*** Titled Tuesday 3|2 Blitz"]
[Site "Chess.com"]
[Date "2016.05.03"]
[Round "1"]
[White "Zurability"]
[Black "jeaston1"]
[Result "1-0"]
[WhiteElo "2417"]
[BlackElo "2000"]
[TimeControl "180+2"]
[EndTime "17:03:40 PDT"]
[Termination "Zurability won by resignation"]

1. e4 d5 2. exd5 Qxd5 3. Nf3 Nf6 4. Be2 Bf5 5. d4 c6 6. O-O e6 7. c4 Qd8 8. Qb3 Qc7 9. Bf4 Qc8 10. Nc3 Be7 11.
Rac1 O-O 12. d5 exd5 13. cxd5 Rd8 14. Rfd1 Qd7 15. Ne5 Qe8 16. Qxb7 Nbd7 17. Nxc6 Rdc8 18. Bf3 Bc5 19. b4 Bb6 20. Re1 Qf8 21. Ne7+ Kh8 22. Nxf5 g6 23. Bd6 Qg8 24. Ne7 Qg7 25. Nxc8 Rxc8 26.
Qxc8+ 1-0

[Event "*** Titled Tuesday 3|2 Blitz"]
[Site "Chess.com"]
[Date "2016.05.03"]
[Round "1"]
[White "RamonManon0g"]
[Black "NaziPaiki"]
[Result "0-1"]
[WhiteElo "2273"]
[BlackElo "2639"]
[TimeControl "180+2"]
[EndTime "17:04:02 PDT"]
[Termination "NaziPaiki won by checkmate"]

1. d4 Nf6 2. Bg5 e6 3. e4 Be7 4. e5 Nd5 5. Bxe7 Nxe7 6. c4 d5 7. exd6 cxd6 8. Nf3 O-O 9. Bd3 Nbc6 10. O-O Ng6 11. Nc3 f5 12. Re1 Qf6 13. Nb5 e5 14. Nc7 Rb8 15. Nd5 Qd8 16. Bc2 e4 17. Nd2 Be6 18. Nf1 Bxd5 19. cxd5 Nb4 20. Bb3 Nd3 21.
Re2 Ngf4 22. Rc2 Qg5 23. g3 Nh3+ 24. Kg2 f4 25. Kxh3 f3 26. g4 h5 27. Ne3 Nf4+ 28. Kg3 h4# 0-1

[Event "*** Titled Tuesday 3|2 Blitz"]
[Site "Chess.com"]
[Date "2016.05.03"]
[Round "1"]
[White "E-Shaposhnikov"]
[Black "1random"]
[Result "1-0"]
[WhiteElo "2447"]
[BlackElo "2045"]
[TimeControl "180+2"]
[EndTime "17:04:27 PDT"]
[Termination "E-Shaposhnikov won by resignation"]

1. Nf3 Nf6 2. c4 e6 3. Nc3 d5 4. d4 dxc4 5. e3 a6 6. Bxc4 b5 7. Bd3 Bb7 8. O-O Nbd7 9. a4 b4 10. Ne2 c5 11. b3 Be7 12. Bb2 O-O 13. Ng3 Rc8 14. Qe2 Qb6 15. a5 Qa7 16. Rfe1 cxd4 17. Bxd4 Bc5 18. Bb2 Rfd8 19. Red1 Qa8 20. Rac1 Ng4 21.
Bxh7+ Kxh7 22. Ng5+ Kg8 23. Qxg4 Be7 24. Nxe6 Bf6 25.
Bxf6 1-0

[Event "*** Titled Tuesday 3|2 Blitz"]
[Site "Chess.com"]
[Date "2016.05.03"]
[Round "1"]
[White "tactics321"]
[Black "TheCount"]
[Result "0-1"]
[WhiteElo "2143"]
[BlackElo "2526"]
[TimeControl "180+2"]
[EndTime "17:04:41 PDT"]
[Termination "TheCount won by resignation"]

1. Nf3 Nf6 2. g3 g6 3. Bg2 Bg7 4. O-O O-O 5. d4 d5 6. c4 dxc4 7. Na3 c3 8. bxc3 c5 9. e3 Nc6 10. Qe2 Qb6 11. Rd1 Bf5 12. d5 Na5 13. Nd2 Bg4 14. f3 Nxd5 15. Nac4 Nxc3 16. Nxb6 Nxe2+ 17. Kf2 axb6 18. Kxe2 Bxa1 19. fxg4 Rad8 20. Ba3 Bc3 21. Ne4 Rxd1 22. Kxd1 Rd8+ 23. Kc2 Be5 24. g5 Nc4 25. Bc1 Bb2 26. Bxb2 Nxe3+ 0-1

[Event "*** Titled Tuesday 3|2 Blitz"]
[Site "Chess.com"]
[Date "2016.05.03"]
[Round "1"]
[White "MbMaster"]
[Black "Zlatan56"]
[Result "0-1"]
[WhiteElo "2213"]
[BlackElo "2577"]
[TimeControl "180+2"]
[EndTime "17:05:06 PDT"]
[Termination "Zlatan56 won by resignation"]

1. d4 Nf6 2. Bg5 e6 3. Nd2 h6 4. Bh4 c5 5. e3 b6 6. c3 Bb7 7.
Ngf3 Be7 8. Bd3 O-O 9. O-O Nc6 10. Qe2 cxd4 11. exd4 Nd5 12. Bg3 f5 13. h3 Bf6 14.
a3 Nde7 15. Bd6 Rf7 16. Ne5 Bxe5 17. Bxe5 Nxe5 18. Qxe5 Ng6 19. Qe3 Qg5 20. Qxg5 hxg5 21. Rfe1 Bxg2 22. Bxf5 Rxf5 23. Kxg2 Raf8 24. f3 Nh4+ 25.
Kg3 Nxf3 26. Nxf3 Rxf3+ 27. Kg4 Rf2 28. Rab1 Rg2+ 0-1

[Event "*** Titled Tuesday 3|2 Blitz"]
[Site "Chess.com"]
[Date "2016.05.03"]
[Round "1"]
[White "Kacparov"]
[Black "Lying-Ted"]
[Result "1-0"]
[WhiteElo "2591"]
[BlackElo "2248"]
[TimeControl "180+2"]
[EndTime "17:05:11 PDT"]
[Termination "Kacparov won by resignation"]

1. e4 e6 2. d4 d5 3. Nd2 Nf6 4. e5 Nfd7 5. Bd3 c5 6. c3 Nc6 7. Ngf3 h6 8. O-O g5 9. h3 h5 10. g4 hxg4 11. hxg4 cxd4 12. cxd4 Qb6 13. Nb3 Be7 14.
Be3 Rg8 15. Rc1 a5 16. a4 Nb4 17. Bh7 Rg7 18. Bb1 Qd8 19. Kg2 Nb6 20. Rh1 Rg8 21. Nc5 Nd7 22. Nd3 b6 23. Nxb4 axb4 24. b3 Bb7 25. Bd3 Rc8 26. Qd2 Rxc1 27. Qxc1 Qc8 28. Qxc8+ Bxc8 29. Rh5 f6 30. Bb5 fxe5 31. Nxe5 Kd8 32.
Nc6+ Ke8 33. Nxe7 Kxe7 34. Rxg5 Rxg5 35. Bxg5+ Kf7 36. Bd2 Nf6 37. f3 Bd7 38. Bd3 Ne8 39. Bxb4 Nf6 40. Kg3 Bc6 41. Bd6 Nd7 42. Bc7 Ke7 43.
Kf4 Kf7 44. Kg5 Kg7 45. f4 Kf7 46. Be5 Nf8 47. Kh6 Nd7 48. g5 Nxe5 49. fxe5 Kg8 50. Kg6 1-0

[Event "*** Titled Tuesday 3|2 Blitz"]
[Site "Chess.com"]
[Date "2016.05.03"]
[Round "1"]
[White "Quiet_Desperation"]
[Black "chito89"]
[Result "0-1"]
[WhiteElo "2280"]
[BlackElo "2657"]
[TimeControl "180+2"]
[EndTime "17:05:14 PDT"]
[Termination "chito89 won by resignation"]

1. e4 g6 2. d4 Bg7 3. Nc3 d6 4. Be3 a6 5. Nf3 b5 6. h3 Bb7 7. Bd3 Nd7 8. O-O c5 9. dxc5 Nxc5 10. Rb1 Rc8 11. Nd5 Nf6 12. Bxc5 Rxc5 13. Nxf6+ Bxf6 14. c3 O-O 15. Qe2 Qb6 16. Qe3 b4 17. c4 a5 18. b3 Ra8 19. Rfe1 a4 20. Nd4 axb3 21. axb3 Ra2 22. Nb5 Rxb5 23. cxb5 Bd4 24. Qh6 Bxf2+ 25. Kh1 Bxe1 26. Rxe1 Qf2 27. Rg1 Qg3 28. Bc4 Bxe4 29. Bxf7+ Kxf7 30. Qxh7+ Ke8 0-1

[Event "*** Titled Tuesday 3|2 Blitz"]
[Site "Chess.com"]
[Date "2016.05.03"]
[Round "1"]
[White "zanbato17"]
[Black "Dr-Bassem"]
[Result "0-1"]
[WhiteElo "2204"]
[BlackElo "2566"]
[TimeControl "180+2"]
[EndTime "17:05:42 PDT"]
[Termination "Dr-Bassem won by resignation"]

1. d4 e6 2. c4 f5 3. Nc3 Nf6 4. Nf3 Be7 5. g3 O-O 6. Bg2 d6 7. O-O Qe8 8. Qc2 Qg6 9. b3 Ne4 10. Bb2 Bf6 11. Nd2 Nxc3 12. Bxc3 e5 13. dxe5 dxe5 14.
e4 f4 15. Nf3 Nc6 16. b4 Qh5 17. b5 Ne7 18. Rad1 Bg4 19. Rd3 Ng6 20. Qd2 Rad8 21. Rd1 Be7 22. Bb4 Rxd3 23. Qxd3 Bxb4 24. h3 Bxf3 25.
Bxf3 Qxh3 26. Qd5+ Kh8 27. Bg2 Qg4 28. Qd7 Qxd7 29.
Rxd7 fxg3 30. fxg3 Bd6 31. Kh2 b6 32. Bh3 h5 33.
Bf5 Ne7 34. g4 hxg4 35. Bxg4 Ng8 0-1

[Event "*** Titled Tuesday 3|2 Blitz"]
[Site "Chess.com"]
[Date "2016.05.03"]
[Round "1"]
[White "ethylalcohol"]
[Black "Zazuliak"]
[Result "0-1"]
[WhiteElo "1773"]
[BlackElo "2379"]
[TimeControl "180+2"]
[EndTime "17:05:44 PDT"]
[Termination "Zazuliak won on time"]

1. e4 c5 2. Nf3 g6 3. d4 cxd4 4.
Nxd4 Bg7 5. Nc3 Nc6 6. Be3 Nf6 7. Bc4 O-O 8. f3 d6 9. Qd2 Nxd4 10. Bxd4 Be6 11. Bb3 Qa5 12. O-O-O Rfc8 13. g4 b5 14. g5 b4 15. gxf6 bxc3 16. Bxc3 Rxc3 17. Qxc3 Qg5+ 0-1

[Event "*** Titled Tuesday 3|2 Blitz"]
[Site "Chess.com"]
[Date "2016.05.03"]
[Round "1"]
[White "jncool68"]
[Black "Kawhi_Leonard2"]
[Result "0-1"]
[WhiteElo "2452"]
[BlackElo "2107"]
[TimeControl "180+2"]
[EndTime "17:06:13 PDT"]
[Termination "Kawhi_Leonard2 won by checkmate"]

1. e4 c5 2. Nf3 d6 3. d4 cxd4 4. Nxd4 Nf6 5. Nc3 g6 6. Be3 Bg7 7. Be2 O-O 8. Qd2 Nc6 9. O-O-O Nxd4 10. Bxd4 Be6 11. g4 Qa5 12. g5 Nd7 13. Bxg7 Kxg7 14. f4 Bxa2 15. h4 Be6 16. Qd4+ f6 17. h5 Qc5 18.
Qd3 fxg5 19. fxg5 Qxg5+ 20. Kb1 Ne5 21. Qd4 Rf4 22. Rdg1 Qf6 23. hxg6 hxg6 24. Qe3 b6 25. Qg3 Rh8 26. Rxh8 Kxh8 27. Rh1+ Kg7 28. Qh2 Nf7 29. Qh7+ Kf8 30. Bb5 Qg7 31. Qh2 g5 32. Qg2 Ne5 33.
Qd2 Qf6 34. Ne2 Rf1+ 35. Rxf1 Qxf1+ 36. Nc1 Qf4 37. Qc3 g4 38. Qc7 Qg5 39. Qd8+ Kg7 40.
Ne2 Nf7 41. Qc7 g3 42. Nxg3 Qxg3 43. Qxe7 Qe1# 0-1

[Event "*** Titled Tuesday 3|2 Blitz"]
[Site "Chess.com"]
[Date "2016.05.03"]
[Round "1"]
[White "Tonychess32"]
[Black "DiamondCrusher22"]
[Result "1-0"]
[WhiteElo "2391"]
[BlackElo "1930"]
[TimeControl "180+2"]
[EndTime "17:06:34 PDT"]
[Termination "Tonychess32 won by resignation"]

1. e4 e5 2. Nf3 Nc6 3. Bc4 Nf6 4. d3 Bc5 5. Bb3 O-O 6. O-O h6 7. c3 d5 8. Nbd2 Bg4 9. h3 Bh5 10. exd5 Nxd5 11. Ne4 Be7 12. Ng3 Bg6 13. Re1 Bf6 14. Ne4 Re8 15. Bxd5 Qxd5 16. Nxf6+ gxf6 17. Bxh6 Qxd3 18. Qb3 Na5 19. Qa4 Nc4 20. b3 Nb6 21. Qh4 Qf5 22. Be3 Nd5 23. Bd2 Rad8 24. c4 Ne7 25. Be3 Qe6 26.
g4 Nc6 27. Qg3 e4 28. Nh4 Ne5 29. Rad1 Nd3 30. Rf1 Qe5 31. Ng2 Qxg3 32. fxg3 Re6 33. Nf4 Red6 34. Nd5 Kg7 35. Nxc7 Ne5 36. Rxd6 Rxd6 37.
Ne8+ 1-0

[Event "*** Titled Tuesday 3|2 Blitz"]
[Site "Chess.com"]
[Date "2016.05.03"]
[Round "1"]
[White "MinhGTrAn"]
[Black "StellarChessPro"]
[Result "1-0"]
[WhiteElo "2620"]
[BlackElo "2264"]
[TimeControl "180+2"]
[EndTime "17:06:49 PDT"]
[Termination "MinhGTrAn won by resignation"]

1. d4 d5 2. c4 c6 3. Nc3 Nf6 4.
Nf3 e6 5. e3 Nbd7 6. Be2 Bd6 7.
b3 Ne4 8. Nxe4 dxe4 9. Nd2 f5 10. Bb2 O-O 11. Qc2 Qe7 12. a3 a5 13. c5 Bc7 14. Nc4 e5 15. Nd6 exd4 16. Bxd4 Nf6 17. Bc4+ Nd5 18. O-O Kh8 19. Rfd1 Rb8 20. Bxd5 cxd5 21.
Nb5 Be6 22. Nxc7 Qxc7 23. Qc3 Ra8 24. Be5 Qf7 25. b4 axb4 26. axb4 Rxa1 27. Rxa1 Kg8 28. h3 Bd7 29. Ra7 Bb5 30. Bxg7 Rc8 31. Be5 Bc4 32. c6 d4 33. Qxd4 Ba6 34. cxb7 Bxb7 35.
Qb6 Qe7 36. Qxb7 Rc1+ 37. Kh2 Qxe5+ 38. g3 1-0

[Event "*** Titled Tuesday 3|2 Blitz"]
[Site "Chess.com"]
[Date "2016.05.03"]
[Round "1"]
[White "PedroLeRobot"]
[Black "AkshatChandra"]
[Result "0-1"]
[WhiteElo "2302"]
[BlackElo "2713"]
[TimeControl "180+2"]
[EndTime "17:07:03 PDT"]
[Termination "AkshatChandra won by checkmate"]

1. Nf3 d5 2. g3 g6 3. Bg2 Bg7 4. O-O e5 5. d3 Ne7 6. e4 O-O 7. Nc3 d4 8. Ne2 c5 9. Nd2 Nbc6 10. f4 f5 11. exf5 Nxf5 12. Ne4 Qb6 13. fxe5 Nxe5 14. Nf4 Ne3 15. Bxe3 dxe3 16. Nd5 Rxf1+ 17. Qxf1 Qxb2 18. Re1 Be6 19. Ne7+ Kh8 20. Nxc5 Bg4 21. Qf4 Rf8 22. Qe4 Nf3+ 23. Bxf3 Bxf3 24. Qc4 b5 25. Qb3 Qd4 26. Ne6 e2+ 27. Nxd4 Bxd4# 0-1

[Event "*** Titled Tuesday 3|2 Blitz"]
[Site "Chess.com"]
[Date "2016.05.03"]
[Round "1"]
[White "Viaje"]
[Black "viktorskliarov"]
[Result "1-0"]
[WhiteElo "2152"]
[BlackElo "2445"]
[TimeControl "180+2"]
[EndTime "17:07:05 PDT"]
[Termination "Viaje won by resignation"]

1. d4 Nf6 2. c4 e6 3. Nc3 Bb4 4. f3 c5 5. d5 b5 6. e4 bxc4 7. Bxc4 Nxd5 8. Bxd5 exd5 9. Qxd5 Nc6 10. Ne2 Ba6 11. Be3 Qa5 12. Rd1 O-O 13. Bd2 Nd4 14.
Nxd4 cxd4 15. Qxa5 Bxa5 16. Nd5 Bxd2+ 17. Rxd2 Bc4 18. b3 Bxd5 19. exd5 a5 20. Rxd4 a4 21.
Rxa4 Rxa4 22. bxa4 Ra8 23. O-O Rxa4 24. Rc1 Kf8 25.
d6 f6 26. Rc7 Ke8 27. Rc8+ Kf7 28. Rc2 Rd4 29. Kf2 Rxd6 30. a4 Ra6 31. Ra2 Ke6 32.
Ke3 Kd5 33. Kd3 Kc5 34. Kc3 d5 35. a5 h5 36. h4 g5 37. hxg5 fxg5 38. Kd3 g4 39.
fxg4 hxg4 40. Kc3 g3 41. Kd3 Kb5 42. Kd4 Rxa5 43. Rxa5+ Kxa5 44. Kxd5 Kb5 45. Ke4 Kc6 46. Kf4 Kd6 47. Kxg3 Ke7 48. Kg4 Kf8 49. Kg5 Kg7 50. g3 Kf7 51. Kh6 1-0

[Event "*** Titled Tuesday 3|2 Blitz"]
[Site "Chess.com"]
[Date "2016.05.03"]
[Round "1"]
[White "pKiLz5Rn9b"]
[Black "SidArun"]
[Result "1-0"]
[WhiteElo "2408"]
[BlackElo "1968"]
[TimeControl "180+2"]
[EndTime "17:07:13 PDT"]
[Termination "pKiLz5Rn9b won by resignation"]

1. e4 c6 2. d4 d5 3. Nc3 dxe4 4. Nxe4 Bf5 5. Ng3 Bg6 6. h4 h6 7. Nf3 Nd7 8. h5 Bh7 9. Bd3 Bxd3 10. Qxd3 e6 11. Bd2 Ngf6 12. O-O-O Be7 13. Kb1 O-O 14. Ne4 Nxe4 15. Qxe4 Nf6 16. Qe2 Qb6 17. g4 Ba3 18. Bc1 Nd5 19. Qd3 Be7 20. g5 Nb4 21. Qb3 hxg5 22.
h6 g6 23. Bxg5 Bxg5 24. Nxg5 Nd5 25. Qf3 Qc7 26. c4 Qf4 27. Qxf4 Nxf4 28. Rh4 Nh5 29. Rg1 Rae8 30. Rxh5 gxh5 31. Nxe6+ Kh7 32. Nxf8+ Rxf8 33. Kc2 Kxh6 34. Kd3 Re8 35. d5 h4 36. d6 b6 37.
c5 bxc5 38. Kc4 Re5 39. Rd1 Re8 40. Kxc5 Rd8 41. Kxc6 h3 42. Rh1 Rc8+ 43. Kd7 Rc2 44. Rxh3+ Kg6 45. Ke7 Re2+ 46. Re3 Rxf2 47. d7 Rd2 48.
d8=Q Rxd8 49. Kxd8 1-0

[Event "*** Titled Tuesday 3|2 Blitz"]
[Site "Chess.com"]
[Date "2016.05.03"]
[Round "1"]
[White "Aguiar94"]
[Black "saraswathii"]
[Result "1-0"]
[WhiteElo "2397"]
[BlackElo "1960"]
[TimeControl "180+2"]
[EndTime "17:07:18 PDT"]
[Termination "Aguiar94 won by resignation"]

1. e4 c5 2. Nf3 e6 3. d4 cxd4 4.
Nxd4 Nf6 5. Nc3 Nc6 6. Nxc6 bxc6 7. e5 Nd5 8. Ne4 f5 9. exf6 Nxf6 10. Nd6+ Bxd6 11.
Qxd6 Qe7 12. Bf4 Qxd6 13. Bxd6 Ne4 14. Ba3 d5 15. Bd3 Nf6 16. f4 Kf7 17. Kd2 Bd7 18. Bc5 a5 19. a4 Rhe8 20. Rae1 g6 21. h3 Bc8 22. c3 Ba6 23. Bc2 Rab8 24. b4 axb4 25.
cxb4 Bc4 26. Kc3 Nh5 27. g4 Nxf4 28. Bd6 Ne2+ 29. Kd2 Rbd8 30. Be5 d4 31. Rxe2 Bxe2 32. Kxe2 Rd5 33. Rf1+ Ke7 34. Bf6+ Kd7 35. Be4 1-0

[Event "*** Titled Tuesday 3|2 Blitz"]
[Site "Chess.com"]
[Date "2016.05.03"]
[Round "1"]
[White "chesstatour"]
[Black "GMG"]
[Result "0-1"]
[WhiteElo "2023"]
[BlackElo "2427"]
[TimeControl "180+2"]
[EndTime "17:07:21 PDT"]
[Termination "GMG won on time"]

1. c4 e6 2. d4 d5 3. Nc3 Bb4 4. a3 Bxc3+ 5. bxc3 Ne7 6. Nf3 c5 7. Bg5 Qa5 8. Bxe7 Qxc3+ 9. Nd2 Kxe7 10. dxc5 dxc4 11.
e3 Rd8 12. Rc1 Qxa3 13. Bxc4 Qb4 14. Rc2 Nd7 15. O-O Nxc5 16. Qe2 b6 17. Rfc1 Bb7 18. Nf3 Bxf3 19. Qxf3 Kf8 20. h4 h6 21. g4 Rac8 22.
g5 hxg5 23. hxg5 Ke7 24. g6 fxg6 25. Qg4 Rd6 26. Qxg6 Rf8 27. Qxg7+ Rf7 28. Qg5+ Kd7 0-1

[Event "*** Titled Tuesday 3|2 Blitz"]
[Site "Chess.com"]
[Date "2016.05.03"]
[Round "1"]
[White "EltajSafarli"]
[Black "sandropozo"]
[Result "1-0"]
[WhiteElo "2635"]
[BlackElo "2268"]
[TimeControl "180+2"]
[EndTime "17:07:25 PDT"]
[Termination "EltajSafarli won by resignation"]

1. e4 e6 2. d4 d5 3. Nc3 Bb4 4. e5 c5 5. a3 Bxc3+ 6. bxc3 Ne7 7. h4 Qc7 8. h5 h6 9. Nf3 Nbc6 10. Rh4 Bd7 11.
Rg4 Nf5 12. Rf4 g5 13. hxg6 fxg6 14. g4 g5 15. gxf5 gxf4 16. f6 O-O-O 17. Bxf4 Kb8 18.
Qd2 Be8 19. dxc5 Bg6 20. Nd4 Nxd4 21. cxd4 h5 22. Bh3 Bf7 23. Rb1 Ka8 24. a4 Rdg8 25. Kf1 Qc6 26. Qb4 Rh7 27. Qb5 Qc7 28.
a5 Be8 29. Qb4 Qc6 30. f3 Bg6 31. Rb2 Bf5 32. Bxf5 exf5 33. Qb5 Qc7 34. a6 bxa6 35. Qxa6 Rb8 36. Rxb8+ Kxb8 37. e6 Qxf4 38. Qd6+ Qxd6 39. cxd6 1-0

[Event "*** Titled Tuesday 3|2 Blitz"]
[Site "Chess.com"]
[Date "2016.05.03"]
[Round "1"]
[White "oskariot"]
[Black "dsanchez1973"]
[Result "1-0"]
[WhiteElo "2422"]
[BlackElo "2011"]
[TimeControl "180+2"]
[EndTime "17:07:27 PDT"]
[Termination "oskariot won by resignation"]

1. e4 e6 2. d4 d5 3. Nc3 Bb4 4.
e5 c5 5. a3 Bxc3+ 6. bxc3 Qc7 7. Nf3 Nc6 8. Be2 Nge7 9. a4 Nf5 10. O-O O-O 11. Ba3 b6 12. dxc5 Nxe5 13. cxb6 Nxf3+ 14. Bxf3 Qxb6 15. Bxf8 Kxf8 16. c4 Ba6 17. Be2 Nd4 18. Bd3 dxc4 19. Be4 Rd8 20. Qh5 h6 21.
Rab1 Qc7 22. c3 Nb3 23. Rbd1 Re8 24. Qf3 Nc5 25. Bc6 Rc8 26. Bb5 Bb7 27. Qg3 Nd3 28. Qxc7 Rxc7 29. Rb1 Nf4 30. f3 Ne2+ 31. Kf2 Nxc3 32.
Rbc1 Nxb5 33. axb5 Bd5 34. Rc3 Rb7 35. Rb1 Ke7 36. Ke3 Kd6 37. Ra3 Kc5 38. Ra5 Kb6 39.
Rba1 e5 40. Ra6+ Kxb5 41. R1a5+ Kb4 42. Rxd5 c3 43. Rc6 a5 44. Rdc5 a4 45. Rc4+ Kb3 46.
Rxc3+ Kb2 47. Rc2+ Kb3 48. R6c3+ Kb4 49. Rc7 Rb6 50.
Rxf7 a3 51. Rxg7 Kb3 52. Rd2 Ra6 53. Rb7+ Kc4 54. Rc2+ Kd5 55. Rb5+ Kd6 56. Ra2 1-0

[Event "*** Titled Tuesday 3|2 Blitz"]
[Site "Chess.com"]
[Date "2016.05.03"]
[Round "1"]
[White "GrigorGrigorov"]
[Black "andryusha"]
[Result "1-0"]
[WhiteElo "2543"]
[BlackElo "2185"]
[TimeControl "180+2"]
[EndTime "17:07:35 PDT"]
[Termination "GrigorGrigorov won by checkmate"]

1. d4 d5 2. Nf3 Nf6 3. c4 c6 4. e3 e6 5. Nc3 Nbd7 6. Qc2 a6 7. Bd3 dxc4 8. Bxc4 b5 9. Be2 Bb7 10. e4 c5 11. e5 cxd4 12. exf6 dxc3 13. fxg7 Bxg7 14. bxc3 Rc8 15. Bd2 O-O 16. O-O b4 17. Ng5 Nf6 18. c4 h6 19. Nf3 a5 20. Rad1 Qc7 21.
Qc1 h5 22. Bh6 Ne4 23. Bxg7 Kxg7 24. Bd3 f6 25. Rde1 Nc3 26. Nd4 Rfe8 27. Nxe6+ Rxe6 28. Rxe6 Rd8 29. Qe3 Rd7 30. Re1 Rf7 31. f4 h4 32. Qf2 Bc8 33. Re8 Bd7 34. Qxh4 Bxe8 35. Rxe8 f5 36. Qg5+ Kh7 37. Qg8+ Kh6 38. Re6+ Kh5 39.
Qg5# 1-0

[Event "*** Titled Tuesday 3|2 Blitz"]
[Site "Chess.com"]
[Date "2016.05.03"]
[Round "1"]
[White "FearNoEvil12"]
[Black "bugsbunny444"]
[Result "0-1"]
[WhiteElo "1930"]
[BlackElo "2395"]
[TimeControl "180+2"]
[EndTime "17:07:39 PDT"]
[Termination "bugsbunny444 won by checkmate"]

1. e4 e6 2. d4 d5 3. Nc3 Nf6 4. Qd3 c5 5. e5 Nfd7 6. Nge2 Nc6 7. dxc5 Ndxe5 8. Qg3 a6 9. Bf4 Ng6 10. O-O-O Bxc5 11. Ne4 Be7 12. Nd6+ Kf8 13. Ne4 Qa5 14. N4c3 Nxf4 15.
Nxf4 d4 16. Ne4 Qxa2 17. Nh5 Qa1+ 18. Kd2 Qa5+ 19. Kc1 Qxh5 20. Bd3 Qa5 21. Kb1 e5 22. f4 Be6 23. b3 Bb4 24. Ng5 Bc3 25. Nxe6+ fxe6 26. fxe5 Qa1# 0-1

[Event "*** Titled Tuesday 3|2 Blitz"]
[Site "Chess.com"]
[Date "2016.05.03"]
[Round "1"]
[White "exoticprincess"]
[Black "flavettes"]
[Result "1-0"]
[WhiteElo "2841"]
[BlackElo "2364"]
[TimeControl "180+2"]
[EndTime "17:07:44 PDT"]
[Termination "exoticprincess won by checkmate"]

1. b3 Nf6 2. Bb2 d5 3. e3 c6 4. f4 g6 5. Nf3 Bg7 6. Be2 O-O 7. O-O Re8 8. Qe1 Bf5 9. d3 Ng4 10. Bxg7 Kxg7 11. Bd1 Qb6 12. Nd4 Nf6 13. Nd2 c5 14. Nxf5+ gxf5 15. Qh4 c4 16. d4 cxb3 17. axb3 Kh8 18.
Nf3 Rg8 19. c4 Nbd7 20. Ne5 Qe6 21. Bf3 Rg7 22. Ra2 a6 23. Rc2 Re8 24. Rfc1 Nxe5 25. fxe5 Ne4 26. cxd5 Qxd5 27. Rc3 f6 28. Bxe4 Qxe4 29.
Qxe4 fxe4 30. e6 f5 31. Rc7 Rg6 32. d5 Reg8 33. g3 Rd8 34. Rxe7 Rxd5 35. Rc8+ Rg8 36. Rcc7 Rg6 37. Rxh7+ Kg8 38. Rhd7 Rb5 39. Rd8# 1-0

[Event "*** Titled Tuesday 3|2 Blitz"]
[Site "Chess.com"]
[Date "2016.05.03"]
[Round "1"]
[White "jsdbv"]
[Black "GeorgMeier"]
[Result "0-1"]
[WhiteElo "2351"]
[BlackElo "2755"]
[TimeControl "180+2"]
[EndTime "17:07:44 PDT"]
[Termination "GeorgMeier won by resignation"]

1. e4 e6 2. d4 d5 3. e5 c5 4. c3 Ne7 5. Nf3 Nec6 6. Bd3 b6 7. O-O Ba6 8. Bxa6 Nxa6 9. Qa4 Nb8 10. Bg5 Qd7 11. Nbd2 Nxe5 12. Qd1 Nxf3+ 13. Nxf3 Nc6 14. Re1 h6 15. Bh4 Bd6 16. Bg3 O-O 17. Bxd6 Qxd6 18.
Ne5 Rac8 19. Nxc6 Rxc6 20. Re3 Rfc8 21. Rg3 Qf4 22. Rf3 Qh4 23. Rh3 Qe7 24. Rg3 b5 25. dxc5 Rxc5 26. Qd4 e5 27. Qd2 Qe6 28. Rd1 a5 29.
Rd3 b4 30. Rxd5 Rxd5 31. Qxd5 Qxd5 32. Rxd5 bxc3 33. bxc3 Rxc3 34. Kf1 Ra3 35. Rd2 Kf8 36. g3 Ke7 37. Ke2 g5 38. Kf1 h5 39. Kg2 Ke6 40.
Kf1 f5 41. Re2 e4 42. Rb2 f4 43. gxf4 gxf4 44. Kg2 h4 45. Kf1 h3 46. Ke1 Kd5 47. Rd2+ Kc4 48. Rb2 a4 49. Re2 e3 50. fxe3 Rxe3 51.
Rxe3 fxe3 52. Ke2 Kc3 53. Kxe3 Kb2 54. Kd2 Kxa2 55. Kc3 Ka3 56. Kc2 Kb4 57. Kb2 Kc4 58. Ka3 Kd3 59. Kxa4 Ke2 60. Kb3 Kf2 61. Kc2 Kg2 62.
Kd2 Kxh2 0-1

[Event "*** Titled Tuesday 3|2 Blitz"]
[Site "Chess.com"]
[Date "2016.05.03"]
[Round "1"]
[White "JusticeBot"]
[Black "davidarenas1224"]
[Result "1-0"]
[WhiteElo "2517"]
[BlackElo "2162"]
[TimeControl "180+2"]
[EndTime "17:07:45 PDT"]
[Termination "JusticeBot won by resignation"]

1. e4 c6 2. d4 d5 3. Nc3 dxe4 4. Nxe4 Nd7 5. Ng5 e6 6. Bd3 h6 7. Ne4 Ngf6 8. Nf3 Nxe4 9. Bxe4 Nf6 10. Bd3 Be7 11. Qe2 a6 12. Bd2 c5 13. c3 cxd4 14.
Nxd4 O-O 15. g4 e5 16. Nf5 e4 17. Bxe4 Nxe4 18. Qxe4 Bf6 19. O-O-O Qa5 20. a3 Be6 21. Rhg1 Rac8 22. Qf3 Rfd8 23. Nxh6+ Kf8 24. g5 Be5 25. Nxf7 Bxf7 26. g6 Rd7 27. Rg5 Re7 28. Rf5 Rcc7 29. Re1 Kg8 30. gxf7+ Kf8 31. Qh5 Rxf7 32. Rfxe5 1-0

[Event "*** Titled Tuesday 3|2 Blitz"]
[Site "Chess.com"]
[Date "2016.05.03"]
[Round "1"]
[White "Noukii"]
[Black "pedromartinez91"]
[Result "1-0"]
[WhiteElo "2724"]
[BlackElo "2332"]
[TimeControl "180+2"]
[EndTime "17:07:46 PDT"]
[Termination "Noukii won by resignation"]

1. d4 d5 2. Nf3 Nf6 3. c4 e6 4. g3 Be7 5. Bg2 O-O 6. O-O dxc4 7. Qc2 a6 8. a4 Bd7 9. Qxc4 Bc6 10. Bg5 a5 11. Nc3 Ra6 12. Rad1 Rb6 13. Qa2 Rb4 14. e3 Nd5 15. Bxe7 Qxe7 16. Ne5 Nxc3 17. bxc3 Bxg2 18.
Kxg2 Rb6 19. Rb1 Rxb1 20. Rxb1 b6 21. Qc4 Qd6 22. e4 Nd7 23. Nd3 f6 24. Nf4 Re8 25.
Re1 Kh8 26. h4 e5 27. Nd5 c6 28. Ne3 exd4 29. Nf5 Qe6 30. Qxe6 Rxe6 31. cxd4 g6 32. Nh6 Kg7 33. Ng4 f5 34. Ne3 Rxe4 35. Rc1 c5 36. dxc5 Nxc5 37. Nd5 Rxa4 38. Nxb6 Nd3 39.
Rc7+ Kh6 40. Nxa4 1-0

[Event "*** Titled Tuesday 3|2 Blitz"]
[Site "Chess.com"]
[Date "2016.05.03"]
[Round "1"]
[White "fourqueens13"]
[Black "Checky2015"]
[Result "0-1"]
[WhiteElo "2262"]
[BlackElo "2608"]
[TimeControl "180+2"]
[EndTime "17:08:03 PDT"]
[Termination "Checky2015 won on time"]

1. c4 e6 2. g3 d5 3. Bg2 Nf6 4. d4 Be7 5. Nf3 O-O 6. O-O dxc4 7. Qc2 a6 8. Qxc4 b5 9. Qc2 Bb7 10. Bd2 Be4 11. Qc1 c6 12. a4 Nbd7 13. Nc3 Bg6 14. Nh4 Bh5 15. Bxc6 b4 16. Na2 Rc8 17. Bxb4 Bxb4 18. Nxb4 a5 19. Na2 Qb6 20. d5 exd5 21.
Nf5 Bxe2 22. Re1 Rfe8 23. Qg5 g6 24. Bxd7 Nxd7 25. Ne7+ Rxe7 26. Qxe7 Bg4 27. Nc3 d4 28. Nd5 Qxb2 29. Rab1 Qa2 30. Nf6+ Nxf6 31. Qxf6 d3 32.
Rbc1 Rf8 33. Rc7 d2 34. Rf1 d1=Q 35. Rxd1 Bxd1 0-1